 Dungeon Crawl Stone Soup version 0.20.0-15-g7f486f2 (webtiles) character file.

364 Hook the Sneak (level 6, -7/29 HPs)
             Began as a Vine Stalker Enchanter on June 20, 2017.
             Mangled by Pikel
             ... wielding a +0 whip of electrocution
              (13 damage)
             ... on level 3 of the Dungeon.
             The game lasted 00:14:44 (3846 turns).

Hook the Sneak (Vine Stalker Enchanter)             Turns: 3846, Time: 00:14:46

Health: -7/29      AC:  6    Str: 10    XL:     6   Next: 67%
Magic:  0/12       EV: 13    Int: 17    God:
Gold:   123        SH:  0    Dex: 15    Spells: 3/12 levels left

rFire    . . .     SeeInvis .   e - +1 dagger (elec)
rCold    . . .     Gourm    .   (no shield)
rNeg     . . .     Faith    .   b - +0 robe
rPois    .         Spirit   +   (no helmet)
rElec    .         Reflect  .   (no cloak)
rCorr    .         Harm     .   h - +2 pair of gloves
MR       .....                  s - +0 pair of boots
Stlth    +++.......             (no amulet)
Regen    0.5/turn               (no ring)
MPRegen  0.2/turn               (no ring)

@: very slightly contaminated
A: fangs 2, regeneration 1, magic shield, antimagic bite, no potion heal 3, rot
immunity
a: no special abilities


You were on level 3 of the Dungeon.
You were very hungry.

You visited 1 branch of the dungeon, and saw 4 of its levels.
You also visited: Sewer.

You collected 123 gold pieces.

Inventory:

Hand Weapons
 a - a +1 dagger
 e - a +1 dagger of electrocution (weapon)
 g - a +0 short sword of draining
Armour
 b - a +0 robe (worn)
 h - a +2 pair of gloves (worn)
 s - a +0 pair of boots (worn)
Jewellery
 j - an uncursed amulet of guardian spirit {unknown}
Scrolls
 n - a scroll of fear
 o - 3 scrolls of identify {unknown}
 p - a scroll of random uselessness {unknown}
 r - a scroll of recharging {unknown}
 t - a scroll of enchant armour
Potions
 d - 2 potions of curing {unknown}
 f - 2 potions of lignification
 i - a potion of invisibility {unknown}
 l - a potion of ambrosia {unknown}
 m - a potion of agility {unknown}
 q - a potion of degeneration {unknown}
 v - a potion of brilliance {unknown}
Books
 c - a book of Maledictions

   Spells                             Type                      Level
   a - Corona                         Hexes                        1
   b - Ensorcelled Hibernation        Hexes/Ice                    2
   c - Confuse                        Hexes                        3
   d - Tukima's Dance                 Hexes                        3
   e - Dazzling Spray                 Conjuration/Hexes            3
Comestibles
 k - a bread ration
 u - a royal jelly


   Skills:
 * Level 0.3 Fighting
 + Level 2.3 Short Blades
 * Level 2.4 Dodging
 + Level 4.9 Stealth
 + Level 3.5 Spellcasting
 - Level 4.9 Hexes
 + Level 0.2 Ice Magic


You had 3 spell levels left.
You knew the following spells:

 Your Spells              Type           Power        Failure   Level  Hunger
a - Corona                Hex            ###....      2%          1    None
b - Ensorcelled Hibernat  Hex/Ice        ##....       9%          2    ##.....
c - Confuse               Hex            ###.....     7%          3    ###....
d - Dazzling Spray        Conj/Hex       ##....       19%         3    ###....


Dungeon Overview and Level Annotations

Branches:
Dungeon (4/15)
 Temple: D:4-7

Altars:
Sif Muna
Trog
Yredelemnul

Annotations:
D:3 Pikel


Innate Abilities, Weirdness & Mutations

You have extremely sharp teeth.
Your natural rate of healing is unusually fast.
When hurt, damage is shared between your health and your magic reserves.
Your bite disrupts and absorbs the magic of your enemies.
Potions cannot restore your health.
You are immune to rotting.


Message History

* * * LOW HITPOINT WARNING * * *
You hit Pikel but do no damage. You hit Pikel but do no damage. You bite Pikel.
You drain his power.
You feel invigorated.
Pikel is lightly wounded.
Pikel hits you with a whip of electrocution.
* * * LOW HITPOINT WARNING * * *
Casting: Corona
Confirm with . or Enter, or press ? or * to list all spells.
Aiming: Ensorcelled Hibernation
Press: ? - help, Shift-Dir - straight line, f/p - Pikel
Aim: Pikel, wielding a whip of electrocution and wearing a robe (lightly wounded, chance to defeat MR: 42%) Pikel looks drowsy...
The helpless Pikel fails to defend himself.
You impale Pikel!! Your bite misses Pikel.
Pikel is severely wounded.
Pikel hits you with a whip of electrocution.
* * * LOW HITPOINT WARNING * * *
You are electrocuted!
You die...

#.# #####.###.......# #.# #.#
#.............#.# #.# ##.#
#.#.#.#.#.....#.# #.# ...#
#.#.#.......#.#.# #.# ####
#.#.###.......#.# #.## #.#.#
####..###.# #... #.#.# #..###.#
###. #...######......# #.
##.....K@.....### ####.
##..#####)......## ##.##.
########...####.........####...#.
..............'.........'........
...#####...####.........####....#
##.######..## ##.....(.## ##.#.#
#..........# ##.....## ###.#
#..######.[# ##...## #.# #..#
#..# ##'## #.#


You could see Pikel.

Vanquished Creatures
  Purgy (Sewer)
  The ghost of Paps the Skirmisher, an amateur DsBe of Trog (D:3)
  Terence (D:3)
  7 adders
  A river rat (D:3)
  2 worms
  2 dart slugs
  3 leopard geckos (D:1)
  4 orcs (D:4)
  3 ball pythons
  3 giant cockroaches
  10 hobgoblins
  7 jackals
  10 bats
  6 frilled lizards
  6 goblins
  10 kobolds
  4 rats
81 creatures vanquished.

Notes
Turn   | Place    | Note
-------+----------+-------------------------------------------
     0 | D:1      | Hook the Vine Stalker Enchanter began the quest for the Orb.
     0 | D:1      | Reached XP level 1. HP: 9/9 MP: 4/4
    67 | D:1      | Reached XP level 2. HP: 1/13 MP: 1/6
   829 | D:1      | Learned a level 2 spell: Ensorcelled Hibernation
   831 | D:1      | Reached XP level 3. HP: 3/16 MP: 0/7
  1408 | D:1      | Reached skill level 1 in Short Blades
  1698 | D:2      | Gained mutation: Your natural rate of healing is unusually fast. [Vine Stalker growth]
  1698 | D:2      | Reached XP level 4. HP: 15/21 MP: 7/9
  1912 | D:2      | Found a basalt altar of Yredelemnul.
  1912 | D:2      | Found a bloodstained altar of Trog.
  1912 | D:2      | Found a deep blue altar of Sif Muna.
  2616 | D:3      | Reached XP level 5. HP: 24/24 MP: 8/10
  2624 | D:3      | Learned a level 3 spell: Confuse
  2639 | D:3      | Found a glowing drain.
  2651 | Sewer    | Entered a sewer
  2716 | Sewer    | Noticed Purgy
  2722 | Sewer    | Killed Purgy
  2802 | Sewer    | Reached XP level 6. HP: 28/28 MP: 11/11
  3047 | D:3      | Noticed Terence
  3048 | D:3      | Noticed Paps's ghost (amateur DsBe)
  3052 | D:3      | Killed Terence
  3059 | D:3      | Killed Paps's ghost
  3824 | D:4      | Learned a level 3 spell: Dazzling Spray
  3827 | D:4      | Noticed a slave
  3828 | D:4      | Noticed Pikel
  3832 | D:4      | Noticed a slave
  3838 | D:4      | Noticed a slave
  3846 | D:3      | Mangled by Pikel

Skill      XL: |  1  2  3  4  5 |
---------------+----------------+-----
Short Blades   | 1 2 |  2.3
Stealth        | 4 |  4.9
Spellcasting   | 3 |  3.5
Dodging        | 2 |  2.4
Hexes          | 4 |  4.9
Fighting       | |  0.3
Ice Magic      | |  0.2

Action                   |  1- 3 |  4- 6 || total
-------------------------+-------+-------++-------
Melee: Dagger            |    72 |   118 ||   190
       Bite              |    15 |    19 ||    34
       Short sword       |    20 |       ||    20
 Cast: Corona            |    24 |    31 ||    55
       Ensorcelled Hiber |     5 |     3 ||     8
       Dazzling Spray    |       |     4 ||     4
  Use: Scroll            |     2 |     1 ||     3
       Potion            |       |     1 ||     1
 Stab: Sleeping          |     5 |    12 ||    17
       Invisible         |       |     1 ||     1
  Eat: Chunk             |     1 |     4 ||     5
       Bread ration      |     1 |       ||     1
Armor: Robe              |    17 |    37 ||    54
Dodge: Dodged            |    64 |    65 ||   129
